Map: 2000 Atmospheres LE

Players

TriGGeR

  • Race: Protoss Protoss

MaSa - Winner!

  • Race: Terran Terran

Event: DreamHack SC2 Masters 2021 Fall

VOD

Have the link to the VOD?

Description

Time

  • Played on: Aug. 6, 2021, 3:13 p.m.
  • Length: 10:43

All games in this series

Show
View Real Time Build Order
Export as new Build Order

TriGGeR Protoss 

Build Orders: 1 Gate Expand, Phoenix Opening, Mass Phoenix 

Get SALT Encoding   

  12  0:00  Probe  
  13  0:12  Probe  
  14  0:16  Pylon  
  14  0:24  Probe (Chrono Boost)  
  16  0:36  Gateway, Probe (Chrono Boost)  
  16  0:42  Probe (Chrono Boost)  
  16  0:45  Assimilator  
  17  0:51  Probe  
  18  1:03  Probe  
  19  1:15  Probe  
  20  1:25  Cybernetics Core  
  20  1:27  Probe  
  21  1:38  Nexus  
  21  1:43  Pylon  
  21  1:49  Assimilator  
  21  1:50  Probe  
  22  1:58  Adept (Chrono Boost)  
  22  2:02  Probe  
  25  2:14  Probe  
  26  2:19  Stargate  
  26  2:21  Adept (Chrono Boost)  
  26  2:26  Probe  
  29  2:33  Warp Gate  
  29  2:38  Probe  
  32  2:51  Probe (Chrono Boost)  
  32  2:56  Probe (Chrono Boost)  
  32  3:00  Probe (Chrono Boost)  
  32  3:03  Adept  
  32  3:04  Phoenix (Chrono Boost), Probe (Chrono Boost)  
  32  3:05  Probe (Chrono Boost)  
  38  3:12  Pylon  
  39  3:14  Probe  
  39  3:17  Probe  
  41  3:23  Phoenix (Chrono Boost)  
  41  3:27  Probe  
  44  3:32  Probe  
  43  3:35  Gateway  
  43  3:39  Probe  
  44  3:44  Phoenix  
  44  3:48  Probe  
  47  3:51  Shield Battery, Probe  
  47  3:54  Assimilator, Pylon  
  48  3:56  Assimilator  
  48  4:00  Probe  
  49  4:03  Probe  
  49  4:09  Phoenix (Chrono Boost)  
  52  4:12  Probe  
  52  4:15  Probe  
  50  4:24  Robotics Facility, Probe  
  50  4:25  Phoenix (Chrono Boost)  
  50  4:27  Probe  
  54  4:33  Adept x2  
  54  4:36  Probe  
  59  4:41  Pylon  
  59  4:42  Probe  
  60  4:48  Probe  
  61  4:56  Pylon  
  61  4:59  Phoenix  
  63  5:00  Nexus  
  63  5:04  Adept x2  
  67  5:08  Pylon  
  67  5:10  Pylon  
  65  5:24  Phoenix  
  65  5:25  Probe  
  68  5:28  Nexus  
  68  5:30  Pylon  
  68  5:33  Robotics Bay  
  68  5:34  Adept  
  70  5:35  Adept  
  72  5:43  Observer  
  72  5:49  Phoenix (Chrono Boost)  
  74  5:54  Adept  
  74  5:55  Adept  
  78  6:00  Shield Battery  
  78  6:03  Probe x2  
  80  6:09  Phoenix (Chrono Boost)  
  80  6:10  Shield Battery  
  82  6:15  Probe  
  82  6:18  Colossus (Chrono Boost)  
  89  6:28  Gateway  
  89  6:31  Probe x2  
  91  6:41  Gateway  
  91  6:43  Probe x2  
  91  6:44  Gateway  
  93  6:47  Phoenix  
  93  6:51  Probe  
  96  6:55  Gateway, Probe x2  
  96  6:58  Colossus (Chrono Boost)  
  98  7:04  Sentry  
  98  7:05  Sentry  
  108  7:15  Gateway  
  108  7:16  Gateway  
  106  7:23  Pylon  
  106  7:24  Stalker  
  106  7:27  Pylon x2  
  108  7:40  Pylon  
  108  7:41  Pylon  
  108  7:42  Colossus (Chrono Boost)  
  112  7:59  Zealot x3  
  112  8:00  Zealot x3  
  112  8:19  Robotics Bay  
  108  8:22  Zealot x7  
  108  8:26  Warp Prism (Chrono Boost)  
  118  8:35  Pylon  
  118  8:38  Observer  
  118  8:40  Probe  
  119  8:42  Probe  
  119  8:43  Sentry x2  
  119  8:48  Pylon  
  124  9:03  Sentry x3  
  124  9:04  Zealot  
  115  9:17  Stalker x3  
  115  9:18  Stalker  
  69  9:49  Stalker x5  
  69  9:50  Stalker  
  67  10:08  Pylon  
  67  10:11  Pylon  
  67  10:13  Probe x3 (Chrono Boost)  
  70  10:14  Pylon  
  70  10:21  Pylon  
  71  10:22  Probe x2 (Chrono Boost)  
  71  10:28  Zealot x2  
Show
View Real Time Build Order
Export as new Build Order

MaSa Terran - Winner!

Build Orders:  

Get SALT Encoding   

  12  0:00  SCV  
  13  0:12  SCV  
  14  0:16  Supply Depot  
  14  0:24  SCV  
  15  0:38  SCV, Barracks  
  16  0:44  Refinery  
  16  0:50  SCV  
  17  1:02  SCV  
  18  1:14  SCV  
  19  1:25  Marine  
  20  1:26  Orbital Command  
  20  1:43  Barracks Reactor  
  20  1:48  Command Center  
  20  1:53  SCV  
  21  1:59  Supply Depot  
  21  2:06  Barracks  
  21  2:07  SCV  
  22  2:19  SCV  
  22  2:20  Marine x2  
  25  2:25  Barracks  
  25  2:31  SCV  
  26  2:38  Marine x2  
  26  2:43  SCV  
  29  2:55  SCV  
  29  2:56  Marine  
  29  2:57  Barracks Tech Lab  
  31  2:59  Marine, Orbital Command  
  32  3:08  SCV  
  33  3:13  Marine  
  33  3:16  Stimpack  
  33  3:17  Marine x2  
  33  3:18  Barracks Tech Lab  
  36  3:20  SCV  
  36  3:25  SCV  
  36  3:31  Marine  
  36  3:32  SCV  
  36  3:33  Supply Depot  
  37  3:34  Marine  
  37  3:36  Marine x2  
  37  3:37  SCV, Combat Shield  
  41  3:44  SCV  
  41  3:46  Engineering Bay  
  42  3:49  Marine  
  42  3:51  SCV  
  42  3:52  Marine  
  42  3:53  Marine  
  42  3:54  Marine  
  47  3:59  SCV  
  48  4:03  SCV  
  48  4:07  Marine  
  48  4:08  Supply Depot  
  49  4:10  Marine  
  49  4:11  Marine, SCV  
  49  4:12  Marine  
  49  4:16  SCV  
  53  4:17  Factory  
  53  4:22  Supply Depot  
  53  4:23  Refinery  
  54  4:24  SCV  
  54  4:29  Marine x2  
  54  4:30  SCV  
  57  4:36  Barracks  
  57  4:38  Barracks  
  57  4:40  SCV  
  57  4:42  SCV  
  57  4:44  Terran Infantry Weapons Level 1  
  59  4:46  Refinery  
  59  4:47  Marine x2  
  59  4:48  Marine  
  59  4:49  Marine  
  63  4:53  SCV  
  63  4:54  SCV  
  65  5:02  Refinery  
  65  5:05  Marine x3, SCV  
  70  5:07  SCV  
  70  5:13  Supply Depot x2  
  70  5:14  Marine  
  70  5:20  SCV, Factory Reactor  
  70  5:21  Starport  
  66  5:23  Marine x3  
  66  5:25  Barracks Reactor  
  66  5:26  Barracks Tech Lab  
  62  5:29  SCV  
  62  5:33  SCV, Marauder  
  66  5:41  Marine, SCV  
  68  5:44  Marine  
  68  5:45  Marauder  
  68  5:46  Marauder  
  74  5:56  Supply Depot  
  73  5:58  Marauder  
  73  5:59  Marine  
  73  6:01  Supply Depot  
  73  6:02  Marine  
  73  6:04  Medivac x2, Factory Reactor  
  79  6:06  SCV x2  
  79  6:08  Supply Depot  
  79  6:09  Marine x2  
  79  6:10  Marine x2  
  86  6:23  Command Center  
  86  6:24  Supply Depot  
  85  6:26  Concussive Shells  
  85  6:27  Marine  
  85  6:28  Marine  
  85  6:32  Marine, Marauder  
  89  6:35  Medivac  
  89  6:38  Medivac  
  94  6:40  SCV  
  94  6:47  Marine x2, Marauder  
  97  6:49  SCV  
  97  6:52  SCV  
  97  6:53  Terran Infantry Armor Level 1  
  100  6:55  Widow Mine  
  100  6:58  Widow Mine  
  100  7:00  Marine  
  105  7:01  SCV  
  105  7:05  Marine, Marauder  
  109  7:09  Medivac  
  109  7:11  Medivac  
  109  7:13  Marine  
  114  7:18  SCV x2  
  114  7:20  Widow Mine  
  118  7:31  Supply Depot  
  118  7:33  Supply Depot  
  118  7:35  Widow Mine  
  120  7:39  SCV x2  
  120  7:41  Medivac  
  118  7:46  Marine x3  
  118  7:47  Marauder x2  
  118  7:51  SCV x2  
  122  7:53  Marine, Marauder  
  122  7:57  Medivac  
  126  8:05  Marine x3  
  123  8:08  Marauder x2  
  123  8:10  Marine, SCV  
  123  8:11  SCV  
  125  8:14  Orbital Command  
  125  8:15  Marauder  
  123  8:22  Marine  
  123  8:23  SCV  
  123  8:24  Ghost Academy  
  123  8:25  Widow Mine  
  123  8:26  Widow Mine  
  123  8:27  SCV  
  122  8:29  Marauder  
  121  8:36  Marine x2  
  121  8:37  Marine, SCV, Marauder x2  
  121  8:40  Marine  
  121  8:41  SCV, Medivac  
  132  8:47  Supply Depot  
  133  8:49  Supply Depot, Widow Mine x2  
  133  8:50  Marine  
  138  8:58  Marine x4, Marauder x2  
  146  9:09  Marauder  
  140  9:10  SCV, Widow Mine x2  
  140  9:15  Marine, Viking  
  140  9:16  Marine x3  
  138  9:19  Marine, Marauder  
  138  9:24  SCV  
  136  9:27  Orbital Command  
  136  9:28  SCV  
  136  9:30  Marauder  
  124  9:33  Marine x2  
  124  9:35  Marine  
  124  9:36  SCV  
  124  9:37  Marauder  
  126  9:40  SCV  
  126  9:41  Medivac, Marauder  
  128  9:45  Marine  
  128  9:48  SCV  
  128  9:51  Marauder  
  132  9:59  Marine x3  
  136  10:00  SCV x2, Marauder  
  136  10:02  SCV  
  134  10:10  Armory  
  134  10:11  Medivac  
  134  10:12  SCV  
  134  10:13  SCV  
  138  10:14  Widow Mine x2  
  138  10:15  Marine  
  138  10:19  SCV  
  144  10:23  Marine x2  
  144  10:24  SCV  
  144  10:25  SCV  

Tags
 
Add a new tag
Caveats
  • Supply blocks, unpowered buildings, or Contaminate may cause inaccurate times.
  • Supply counts are checked every 10 seconds.